 Dungeon Crawl Stone Soup version 0.21.1-1-g345015fe64 (webtiles) character file.

38183 KamiKatze the Severer (level 13, -1/121 HPs)
             Began as a Deep Dwarf Fighter on Feb 25, 2018.
             Was a High Priest of Makhleb.
             Slain by a dire elephant (25 damage)
             ... on level 6 of the Lair of Beasts.
             The game lasted 01:19:11 (16040 turns).

KamiKatze the Severer (Deep Dwarf Fighter)         Turns: 16040, Time: 01:19:11

Health: -1/121     AC: 17    Str: 25    XL:     13   Next: 62%
Magic:  14/14      EV: 11    Int:  9    God:    Makhleb [*****.]
Gold:   1161       SH: 14    Dex: 12    Spells: 12/12 levels left

rFire    . . .     SeeInvis .   a - +0 broad axe (chop)
rCold    . . .     Gourm    .   c - +0 shield
rNeg     . . .     Faith    .   G - +0 plate armour
rPois    .         Spirit   .   i - +0 helmet
rElec    .         Reflect  +   J - scarf {repulsion}
rCorr    +         Harm     .   t - +0 pair of gloves (curse)
MR       +....                  (no boots)
Stlth    ..........             S - +2 amulet of reflection
HPRegen  0.00/turn              v - +1 ring of evasion
MPRegen  0.14/turn              U - ring of resist corrosion

@: non-regenerating, repel missiles
A: damage resistance, heal wounds, sense surroundings 2, no regeneration
a: Heal Wounds, Minor Destruction, Lesser Servant of Makhleb, Major Destruction,
Greater Servant of Makhleb, Renounce Religion


You were on level 6 of the Lair of Beasts.
You worshipped Makhleb.
Makhleb was extremely pleased with you.
You were not hungry.

You visited 3 branches of the dungeon, and saw 18 of its levels.
You also visited: Ice Cave.

You collected 1161 gold pieces.

Inventory:

Hand Weapons
 a - a +0 broad axe of chopping (weapon)
 b - a +5 flail of holy wrath
 q - a +2 hunting sling of flaming
 w - a +2 flail of protection
Missiles
 e - 548 stones
 h - 74 poisoned needles
 l - 6 tomahawks
 z - 3 throwing nets (quivered)
 F - 7 curare-tipped needles
Armour
 c - a +0 shield (worn)
 i - a +0 helmet (worn)
 t - a cursed +0 pair of gloves (worn)
 G - a +0 plate armour (worn)
 J - a scarf of repulsion (worn)
Jewellery
 o - an uncursed ring of protection from fire
 v - a +1 ring of evasion (left hand)
 y - an uncursed ring of ice
 S - a +2 amulet of reflection (around neck)
 U - a ring of resist corrosion (right hand)
Wands
 B - a wand of enslavement (15)
 D - a wand of acid (50)
 I - a wand of disintegration (5)
 N - a wand of paralysis (9)
 O - a wand of polymorph (21)
Scrolls
 k - 7 scrolls of teleportation
 n - 8 scrolls of remove curse
 s - a scroll of amnesia
 u - a scroll of brand weapon
 H - 4 scrolls of identify
 Q - 2 scrolls of fear
 W - a scroll of fog
Potions
 d - a potion of might
 g - 3 potions of curing
 j - 4 potions of agility
 m - a potion of brilliance
 r - a potion of resistance
 x - a potion of flight
 C - a potion of magic
 E - 3 potions of haste
 P - 2 potions of lignification
 T - 2 potions of ambrosia
Comestibles
 f - 27 rations


   Skills:
 - Level 9.1 Fighting
 + Level 16.2 Axes
 - Level 10.8 Armour
 - Level 8.1 Dodging
 - Level 10.0 Shields
 - Level 6.0 Invocations


You had 12 spell levels left.
You didn't know any spells.

Dungeon Overview and Level Annotations

Branches:
Dungeon (11/15)            Temple (1/1) D:4            Lair (6/6) D:11
 Shoals (0/4) Lair:3        Snake (0/4) Lair:4        Slime (0/5) Lair:6
    Orc (0/2) D:10

Altars:
Ashenzari
Cheibriados
Dithmenos
Elyvilon
Fedhas
Gozag
Hepliaklqana
Kikubaaqudgha
Makhleb
Nemelex Xobeh
Okawaru
Qazlal
Ru
Sif Muna
Trog
Uskayaw
Vehumet
Wu Jian
Xom
Yredelemnul
Zin
The Shining One

Shops:
D:5 ?   D:6 [   D:8 [   D:11 (

Annotations:
D:10 unseen horror!
D:11 exclusion: oklob plant


Innate Abilities, Weirdness & Mutations

You are resistant to damage.
You can heal yourself by infusing magical energy.
You passively map the area around you.
You do not regenerate.


Message History

You stumble backwards!
You feel much better.
The dire elephant tramples you but does no damage.
The dire elephant closely misses you.
There is a stone staircase leading up, spattered with blood here.
The dire elephant tramples you!
* * * LOW HITPOINT WARNING * * *
You stumble backwards!
You stop ascending the stairs.
There is a stone staircase leading up, spattered with blood here.
The dire elephant tramples you!
* * * LOW HITPOINT WARNING * * *
You stumble backwards!
You stop ascending the stairs.
The dire elephant tramples the plant but does no damage.
The dire elephant trunk-slaps the plant.
You feel much better. The dire elephant tramples you!!
* * * LOW HITPOINT WARNING * * *
You stumble backwards!
The dire elephant tramples you!!
You die...

##.#.....###.###P...........#....
..##.......#.###.....#...........
.#.............#......#..........
...P....#P..........P#...........
........##..#..............P#....
.......##.####.#.##.##..#...#....
####.....#..###.♣.#######.####...
#.#P.........#.....#P.#..##.##...
...PP.........♣.@.♣#.............
.................YY#.............
..............#....Y.............
............####+###.Y...........
.#.#..#.######.....#.#.#..P##....
#####..#.###........Y.#..###.....
###..PP.#Y....###.#....######.Y..
..##..P.#..#.#....#Y..Y.##.###...
..#PP..#..##.........##.....#....


You could see 4 dire elephants.

Vanquished Creatures
  Harold (Lair:1)
  2 hydras
  7 death yaks
  A two-headed ogre (D:10)
  An anaconda (Lair:6)
  An ugly thing (D:11)
  4 oklob plants (Lair:5)
  A manticore (Lair:3)
  Maurice (D:11)
  10 elephants
  4 black mambas
  8 spiny frogs
  7 komodo dragons
  A troll (D:11)
  A polar bear (Lair:6)
  A hornet (D:11)
  13 blink frogs
  7 hippogriffs
  Sigmund (D:4)
  A spriggan (D:11)
  20 yaks
  3 wyverns
  4 basilisks
  2 humans (D:9)
  2 steam dragons
  Menkaure (D:5)
  Edmund (D:4)
  An acid dragon (D:7)
  8 water moccasins
  A sky beast (D:8)
  15 porcupines
  3 orc warriors
  A black bear (Lair:5)
  2 ice beasts
  6 wolves (Lair:2)
  3 phantoms
  2 necrophages (D:7)
  5 ogres
  5 centaurs
  9 crocodiles
  A big kobold (D:11)
  12 bullfrogs
  A wyvern skeleton (D:11)
  5 scorpions
  A water moccasin skeleton (D:4)
  The ghost of Ykky the Shield-Bearer, a weakling DDFi (D:4)
  6 killer bees
  A howler monkey (D:10)
  4 bullfrog zombies
  7 crimson imps
  A centaur zombie (D:9)
  4 jellies
  A quasit (D:6)
  4 hounds
  2 bullfrog skeletons
  2 orc priests
  2 centaur skeletons
  3 iguanas
  7 orc wizards
  14 worker ants
  2 hound zombies (D:9)
  2 hound skeletons
  3 worker ant zombies (D:11)
  Robin (D:1)
  8 gnolls
  18 adders
  A howler monkey skeleton (D:6)
  3 shadow imps
  An ooze (D:1)
  An adder zombie (D:7)
  4 worms
  A dart slug (D:2)
  8 leopard geckos
  30 orcs
  7 giant cockroaches
  17 goblins
  14 hobgoblins
  4 jackals (D:8)
  14 kobolds
  5 quokkas
  4 ball pythons
  7 bats
  4 frilled lizards
  A leopard gecko skeleton (D:6)
  A leopard gecko zombie (D:6)
  A quokka skeleton (D:6)
  6 rats
  A spectral orc (D:6)
  4 fungi
  8 plants
427 creatures vanquished.

Vanquished Creatures (others)
  Nessos (Lair:6)
  2 centaurs
  6 fungi
  9 plants
  5 toadstools (D:1)
23 creatures vanquished.

Grand Total: 450 creatures vanquished

Notes
Turn   | Place    | Note
-------+----------+-------------------------------------------
     0 | D:1      | KamiKatze the Deep Dwarf Fighter began the quest for the Orb.
     0 | D:1      | Reached XP level 1. HP: 20/20 MP: 1/1
    64 | D:1      | Reached XP level 2. HP: 18/27 MP: 2/2
   448 | D:1      | Reached skill level 3 in Axes
   517 | D:1      | Reached XP level 3. HP: 16/33 MP: 3/3
   584 | D:2      | Noticed Robin
   590 | D:1      | Killed Robin
   773 | D:2      | Reached XP level 4. HP: 38/42 MP: 4/4
  1075 | D:2      | Reached skill level 4 in Axes
  1077 | D:2      | Reached XP level 5. HP: 31/49 MP: 5/5
  1604 | D:3      | Found a sacrificial altar of Ru.
  1606 | D:3      | Found a sparkling altar of Nemelex Xobeh.
  2200 | D:4      | Found a staircase to the Ecumenical Temple.
  2212 | Temple   | Entered the Ecumenical Temple
  2304 | Temple   | Became a worshipper of Makhleb the Destroyer
  2342 | D:4      | Noticed Ykky's ghost (weakling DDFi)
  2390 | D:3      | Reached XP level 6. HP: 8/56 MP: 6/6
  2775 | D:4      | Noticed Edmund
  2794 | D:4      | Killed Edmund
  2794 | D:4      | Reached skill level 5 in Axes
  2822 | D:4      | Noticed Sigmund
  2827 | D:4      | Killed Sigmund
  2827 | D:4      | Reached skill level 5 in Armour
  2827 | D:4      | Reached skill level 5 in Shields
  2827 | D:4      | Reached XP level 7. HP: 21/64 MP: 6/6
  3017 | D:4      | Reached skill level 6 in Axes
  3091 | D:5      | Entered Level 5 of the Dungeon
  3148 | D:5      | Noticed Menkaure
  3162 | D:5      | Killed Menkaure
  3162 | D:5      | Reached skill level 1 in Dodging
  3186 | D:5      | Found Ejityh's Magic Scroll Shoppe.
  3384 | D:4      | Killed Ykky's ghost
  3384 | D:4      | Reached XP level 8. HP: 43/73 MP: 7/7
  3741 | D:6      | Reached * piety under Makhleb
  3790 | D:6      | Reached skill level 7 in Axes
  4124 | D:6      | Found Paph's Armour Shop.
  4235 | D:6      | Found a basalt altar of Yredelemnul.
  4429 | D:7      | Reached skill level 5 in Fighting
  4504 | D:7      | Gained mutation: You passively map the area around you. [Deep Dwarf growth]
  4504 | D:7      | Reached XP level 9. HP: 52/80 MP: 8/8
  4697 | D:7      | Reached skill level 8 in Axes
  4706 | D:7      | Reached skill level 5 in Dodging
  4770 | D:7      | Reached ** piety under Makhleb
  5395 | D:7      | Found a blossoming altar of Fedhas.
  5740 | D:8      | Found Remif's Armour Shoppe.
  5744 | D:8      | Reached skill level 9 in Axes
  5938 | D:8      | Found an ancient bone altar of Kikubaaqudgha.
  6454 | D:9      | Found an iron altar of Okawaru.
  6466 | D:9      | Reached XP level 10. HP: 77/90 MP: 9/9
  6521 | D:9      | Reached *** piety under Makhleb
  6952 | D:9      | Reached skill level 10 in Axes
  7468 | D:10     | Entered Level 10 of the Dungeon
  7536 | D:10     | Found a staircase to the Orcish Mines.
  7759 | D:10     | Noticed a two-headed ogre
  7769 | D:10     | Killed a two-headed ogre
  8153 | D:10     | Reached skill level 11 in Axes
  8162 | D:11     | Reached **** piety under Makhleb
  8342 | D:11     | Noticed Maurice
  8401 | D:11     | Killed Maurice
  8425 | D:11     | Found a staircase to the Lair.
  8425 | D:11     | Noticed an oklob plant
  8632 | D:11     | Noticed a green ugly thing
  8669 | D:11     | Killed a green ugly thing
  8669 | D:11     | Reached XP level 11. HP: 50/100 MP: 9/9
  8703 | D:11     | Paralysed by a hornet for 1 turns
  8830 | D:11     | Found Bara Mokenu's Weapon Shop.
  8937 | D:11     | Found a shadowy altar of Dithmenos.
  9572 | Lair:1   | Entered Level 1 of the Lair of Beasts
  9635 | Lair:1   | Noticed Harold
  9693 | Lair:1   | Killed Harold
  9693 | Lair:1   | Reached skill level 10 in Shields
  9812 | Lair:1   | Found a frozen archway.
  9833 | IceCv    | Entered an ice cave
  9983 | Lair:1   | Noticed an eight-headed hydra
 10024 | Lair:1   | Killed an eight-headed hydra
 10024 | Lair:1   | Reached skill level 1 in Invocations
 10196 | Lair:1   | Reached skill level 12 in Axes
 11914 | Lair:3   | Found a staircase to the Shoals.
 11943 | Lair:3   | Reached XP level 12. HP: 46/110 MP: 11/11
 12659 | Lair:3   | Reached skill level 13 in Axes
 12937 | Lair:4   | Found a staircase to the Snake Pit.
 13081 | Lair:4   | Reached skill level 10 in Armour
 13145 | Lair:4   | Noticed a five-headed hydra
 13226 | Lair:4   | Killed a five-headed hydra
 13977 | Lair:5   | Reached ***** piety under Makhleb
 13979 | Lair:5   | Reached skill level 5 in Invocations
 14299 | Lair:5   | Noticed a death yak
 14306 | Lair:5   | Noticed a death yak
 14317 | Lair:5   | Noticed a death yak
 14324 | Lair:5   | Killed a death yak
 14333 | Lair:5   | Killed a death yak
 14337 | Lair:5   | Killed a death yak
 14337 | Lair:5   | Reached skill level 14 in Axes
 14454 | Lair:5   | Reached XP level 13. HP: 121/121 MP: 14/14
 14914 | Lair:6   | Entered Level 6 of the Lair of Beasts
 15103 | Lair:6   | Reached skill level 15 in Axes
 15232 | Lair:6   | Found a staircase to the Slime Pits.
 15256 | Lair:6   | Noticed Nessos
 15269 | Lair:6   | Killed Nessos
 15535 | Lair:6   | Reached skill level 16 in Axes
 15885 | Lair:6   | Noticed a dire elephant
 15885 | Lair:6   | Noticed a dire elephant
 15900 | Lair:6   | Noticed a dire elephant
 15936 | Lair:6   | Noticed a dire elephant
 15954 | Lair:6   | HP: 5/121 [dire elephant (21)]
 15960 | Lair:6   | Noticed a dire elephant
 16040 | Lair:6   | Slain by a dire elephant

Skill      XL: |  1  2  3  4  5  6  7  8  9 10 11 12 13 |
---------------+----------------------------------------+-----
Axes           | 3 4 5 6 7 9 11 12 14 16 | 16.2
Fighting       | 3 4 5 6 7 8 9 |  9.1
Armour         | 4 5 6 7 8 9 10 | 10.8
Shields        | 4 5 6 7 8 10 | 10.0
Dodging        | 2 4 5 6 8 |  8.1
Invocations    | 3 6 |  6.0

Action                   |  1- 3 |  4- 6 |  7- 9 | 10-12 | 13-15 || total
-------------------------+-------+-------+-------+-------+-------++-------
Melee: War axe           |   140 |   250 |   446 |   762 |       ||  1598
       Flail             |       |       |    34 |    42 |       ||    76
       Broad axe         |       |       |       |   135 |   228 ||   363
Throw: Stone             |     7 |    11 |       |     7 |       ||    25
       Tomahawk          |       |     1 |     6 |    36 |       ||    43
       Throwing net      |       |       |       |     1 |       ||     1
 Abil: Heal Wounds       |     1 |     3 |     2 |    10 |     2 ||    18
Evoke: Wand              |       |       |       |    15 |       ||    15
  Use: Scroll            |     1 |     7 |     6 |    13 |     1 ||    28
       Potion            |       |     1 |     2 |     4 |     1 ||     8
 Stab: Paralysed         |       |       |       |     4 |       ||     4
       Held in net/web   |       |       |       |     2 |       ||     2
  Eat: Chunk             |       |     5 |    11 |    17 |     3 ||    36
       Ration            |       |     1 |       |     3 |     1 ||     5
Armor: Scale mail        |    60 |    96 |       |       |       ||   156
       Chain mail        |       |       |   194 |   198 |       ||   392
       Plate armour      |       |       |       |   165 |    81 ||   246
Dodge: Dodged            |    51 |    76 |   164 |   250 |    89 ||   630
       Deflected         |       |       |     1 |     8 |     7 ||    16
Block: Shield            |    92 |   121 |   284 |   565 |   174 ||  1236
       Reflection        |       |       |       |    21 |    11 ||    32
